Map: Deathaura LE

Players

Vindicta - Winner!

  • Race: Terran Terran
  • League: Master
  • Spawn Location: 11:00

MCanning

  • Race: Protoss Protoss
  • Spawn Location: 5:00

Event: DreamHack SC2 Masters 2020 Winter

VOD

Have the link to the VOD?

Description

Time

  • Played on: Oct. 28, 2020, 3:57 p.m.
  • Length: 10:54

All games in this series

Show
View Real Time Build Order
Export as new Build Order

Vindicta Terran - Winner!

Build Orders:  

Get SALT Encoding   

  12  0:00  SCV  
  13  0:12  SCV  
  14  0:17  Supply Depot  
  14  0:24  SCV  
  15  0:38  SCV  
  15  0:39  Barracks  
  16  0:43  Refinery  
  16  0:50  SCV  
  17  1:02  SCV  
  18  1:15  SCV  
  19  1:28  Orbital Command  
  20  1:36  Barracks Reactor  
  19  1:43  Command Center  
  19  1:54  Supply Depot  
  19  1:55  SCV  
  20  2:07  SCV  
  21  2:12  Factory  
  21  2:14  Marine x2  
  23  2:19  SCV  
  23  2:22  Refinery  
  24  2:31  SCV  
  24  2:32  Marine x2  
  27  2:43  SCV  
  28  2:55  SCV, Orbital Command  
  29  3:03  Hellion x2  
  29  3:04  Starport  
  33  3:07  SCV  
  34  3:18  Supply Depot  
  34  3:19  SCV  
  35  3:20  SCV  
  35  3:24  Widow Mine x2  
  40  3:30  Armory  
  40  3:33  SCV  
  40  3:34  Barracks Tech Lab  
  41  3:37  SCV  
  41  3:40  Medivac  
  44  3:46  Widow Mine x2  
  44  3:47  SCV  
  49  3:49  SCV  
  50  3:59  SCV  
  49  4:03  SCV  
  49  4:06  Bunker  
  47  4:12  SCV  
  45  4:20  Marine x2  
  45  4:22  SCV  
  45  4:23  Starport Tech Lab  
  51  4:24  SCV, Supply Depot  
  52  4:34  SCV  
  52  4:35  Command Center  
  52  4:38  Marine  
  53  4:43  Raven  
  53  4:52  Siege Tank  
  51  4:54  Marine  
  51  4:56  SCV  
  51  5:06  SCV  
  51  5:12  SCV, Marine  
  51  5:19  Marine  
  48  5:24  SCV  
  48  5:28  SCV  
  50  5:31  Siege Tank  
  51  5:36  SCV  
  51  5:40  SCV  
  48  5:48  SCV, Orbital Command  
  48  5:49  Barracks  
  49  5:50  Barracks  
  49  5:54  Stimpack  
  48  6:00  SCV  
  48  6:01  Viking  
  48  6:03  SCV, Marauder  
  53  6:11  Refinery  
  53  6:12  Refinery  
  53  6:14  Siege Tank  
  53  6:16  SCV  
  53  6:17  SCV  
  58  6:19  SCV  
  58  6:25  Marine  
  60  6:28  SCV  
  60  6:29  SCV  
  60  6:31  SCV  
  63  6:33  Starport Reactor  
  63  6:38  Engineering Bay, Barracks Tech Lab  
  63  6:41  SCV  
  63  6:42  SCV, Barracks  
  63  6:43  Marine, Barracks  
  63  6:45  Marine  
  63  6:46  Marine  
  68  6:53  SCV  
  71  6:54  SCV  
  71  6:55  Combat Shield  
  71  6:57  Marauder  
  71  7:00  Siege Tank  
  71  7:01  Marine  
  77  7:06  Terran Infantry Weapons Level 1  
  77  7:07  Marine  
  77  7:13  Supply Depot  
  77  7:14  SCV, Marine  
  78  7:15  Missile Turret  
  78  7:17  Supply Depot  
  78  7:19  SCV  
  79  7:23  Orbital Command  
  79  7:25  Marauder  
  79  7:26  SCV  
  79  7:28  Medivac  
  84  7:31  SCV  
  84  7:33  Barracks Reactor, Barracks Tech Lab  
  84  7:35  Medivac  
  88  7:38  SCV  
  88  7:42  Concussive Shells  
  88  7:43  SCV  
  90  7:48  Missile Turret  
  90  7:50  SCV  
  91  7:53  Bunker  
  91  7:55  SCV, Marauder  
  91  7:56  Siege Tank  
  97  8:00  Supply Depot  
  97  8:01  Supply Depot  
  97  8:05  Liberator  
  99  8:07  SCV x2  
  101  8:21  Marine, Liberator  
  101  8:22  SCV x2, Marine x2  
  101  8:23  SCV  
  101  8:25  Marine  
  101  8:26  Refinery, Marine  
  112  8:27  Supply Depot  
  112  8:29  Marine  
  112  8:30  Marauder  
  112  8:34  SCV x2  
  117  8:41  Marine  
  117  8:42  SCV, Siege Tank  
  117  8:43  Supply Depot x2  
  117  8:46  SCV  
  117  8:47  Ghost Academy  
  123  8:49  Refinery  
  123  8:51  Engineering Bay  
  123  8:56  Marine x2  
  123  8:57  Marauder x2  
  123  8:59  Marine  
  123  9:01  SCV  
  133  9:04  SCV  
  133  9:06  Supply Depot, Marine  
  135  9:14  Marine  
  135  9:16  SCV  
  137  9:17  Medivac x2  
  137  9:18  Marauder  
  137  9:20  Marine  
  137  9:23  Missile Turret  
  142  9:28  SCV, Marine  
  140  9:33  SCV x2  
  135  9:41  SCV  
  135  9:47  Medivac x2  
  135  9:49  Marine  
  135  9:50  SCV, Marauder  
  137  9:53  SCV  
  135  10:00  Command Center  
  135  10:02  Supply Depot  
  135  10:04  Ghost  
  135  10:05  Marauder, Marine x2  
  142  10:07  SCV  
  142  10:11  Marauder  
  140  10:17  Medivac, Marine  
  137  10:22  Supply Depot  
  137  10:29  SCV  
  137  10:33  Marine x2  
  145  10:35  SCV  
  145  10:38  Supply Depot  
  145  10:39  Missile Turret  
  145  10:42  SCV  
Show
View Real Time Build Order
Export as new Build Order

MCanning Protoss 

Build Orders: 1 Gate Expand, Dark Templar Rush 

Get SALT Encoding   

  12  0:00  Probe  
  13  0:12  Probe  
  14  0:19  Pylon  
  14  0:24  Probe  
  15  0:37  Probe (Chrono Boost), Gateway  
  16  0:47  Probe (Chrono Boost), Assimilator  
  17  0:52  Probe (Chrono Boost)  
  18  1:03  Probe  
  19  1:15  Probe  
  20  1:22  Nexus  
  20  1:33  Cybernetics Core  
  20  1:35  Probe  
  21  1:46  Pylon  
  22  1:47  Probe  
  22  1:52  Assimilator  
  22  1:59  Probe  
  23  2:07  Adept (Chrono Boost)  
  23  2:11  Probe  
  23  2:14  Warp Gate  
  26  2:23  Probe  
  27  2:30  Twilight Council  
  27  2:32  Stalker (Chrono Boost)  
  27  2:35  Probe  
  30  2:39  Probe  
  31  2:48  Pylon  
  32  2:51  Probe x2 (Chrono Boost)  
  33  3:00  Probe (Chrono Boost)  
  33  3:02  Probe (Chrono Boost)  
  35  3:05  Probe (Chrono Boost)  
  35  3:07  Dark Shrine  
  35  3:12  Probe (Chrono Boost), Stalker  
  37  3:18  Pylon  
  37  3:19  Probe (Chrono Boost)  
  38  3:26  Gateway  
  38  3:31  Probe (Chrono Boost)  
  38  3:33  Probe (Chrono Boost)  
  40  3:37  Probe  
  40  3:40  Gateway  
  41  3:42  Probe  
  42  3:49  Probe  
  42  3:54  Probe  
  44  4:01  Probe  
  39  4:07  Probe  
  39  4:08  Stalker  
  40  4:15  Probe (Chrono Boost)  
  40  4:19  Probe (Chrono Boost)  
  40  4:21  Dark Templar  
  43  4:27  Probe (Chrono Boost), Robotics Facility  
  43  4:29  Probe (Chrono Boost)  
  45  4:32  Probe (Chrono Boost)  
  45  4:33  Dark Templar  
  45  4:34  Probe (Chrono Boost), Assimilator  
  45  4:36  Assimilator  
  49  4:42  Probe  
  49  4:43  Charge  
  50  4:52  Pylon  
  50  4:58  Zealot  
  52  5:01  Stalker  
  52  5:10  Stalker  
  39  5:17  Observer (Chrono Boost)  
  39  5:18  Probe  
  41  5:22  Probe  
  42  5:30  Probe  
  42  5:33  Zealot  
  42  5:34  Probe  
  39  6:01  Nexus  
  40  6:04  Observer  
  40  6:05  Probe (Chrono Boost)  
  40  6:08  Probe (Chrono Boost)  
  42  6:15  Probe (Chrono Boost)  
  42  6:16  Sentry  
  42  6:17  Probe (Chrono Boost)  
  46  6:21  Probe (Chrono Boost)  
  46  6:22  Probe (Chrono Boost)  
  48  6:31  Probe (Chrono Boost)  
  48  6:32  Gateway  
  49  6:34  Gateway  
  49  6:37  Probe (Chrono Boost)  
  50  6:43  Probe (Chrono Boost), Blink  
  52  6:47  Probe (Chrono Boost)  
  52  6:48  Probe (Chrono Boost)  
  53  6:57  Probe x2  
  53  7:00  Immortal (Chrono Boost), Pylon  
  59  7:09  Probe  
  59  7:10  Probe  
  59  7:14  Gateway  
  61  7:21  Probe (Chrono Boost)  
  61  7:22  Probe (Chrono Boost)  
  64  7:28  Probe (Chrono Boost)  
  65  7:31  Probe (Chrono Boost)  
  65  7:32  Warp Prism  
  65  7:33  Probe (Chrono Boost)  
  65  7:36  Probe (Chrono Boost)  
  69  7:39  Probe (Chrono Boost)  
  69  7:42  Probe (Chrono Boost)  
  69  7:44  Robotics Bay  
  71  7:49  Zealot  
  71  7:50  Probe x2 (Chrono Boost)  
  76  7:51  Probe (Chrono Boost)  
  76  7:52  Dark Templar  
  76  7:53  Sentry  
  76  7:57  Probe  
  76  7:58  Probe  
  82  7:59  Probe  
  82  8:04  Forge  
  83  8:05  Archon, Forge  
  83  8:08  Shield Battery  
  83  8:09  Probe  
  83  8:10  Probe  
  83  8:11  Probe  
  86  8:14  Stalker x2  
  90  8:21  Probe  
  90  8:22  Assimilator  
  90  8:24  Assimilator  
  90  8:26  Pylon  
  91  8:30  Gateway  
  91  8:32  Dark Templar  
  93  8:35  Protoss Ground Weapons Level 1 (Chrono Boost)  
  93  8:37  Pylon  
  93  8:42  Colossus (Chrono Boost)  
  93  8:44  Probe  
  93  8:45  Protoss Ground Armor Level 1 (Chrono Boost)  
  100  8:49  Robotics Facility  
  100  8:50  Pylon  
  100  8:51  Probe, Extended Thermal Lance (Chrono Boost)  
  101  8:56  Zealot  
  101  9:01  Zealot, Dark Templar  
  107  9:13  Dark Templar  
  107  9:14  Probe  
  108  9:17  Photon Cannon  
  108  9:18  Shield Battery  
  108  9:25  Disruptor (Chrono Boost)  
  108  9:27  Zealot x2  
  108  9:30  Stalker x2  
  108  9:31  Stalker  
  109  9:40  Probe  
  109  9:41  Zealot x3  
  114  9:46  Stalker  
  112  9:55  Zealot x3  
  115  10:01  Zealot  
  117  10:09  Zealot x3  
  117  10:14  Disruptor  
  98  10:17  Dark Templar  
  98  10:18  Zealot x2  
  98  10:20  Nexus  
  98  10:30  Dark Templar  
  98  10:33  Zealot  
  102  10:36  Pylon  
  102  10:38  Pylon  
Tags
 
Add a new tag
Caveats
  • Supply blocks, unpowered buildings, or Contaminate may cause inaccurate times.
  • Supply counts are checked every 10 seconds.